 Dungeon Crawl Stone Soup version 0.21.1-1-g345015f (webtiles) character file.

379 gyp21 the Magician (level 6, 0/46 HPs)
             Began as a Mummy Fire Elementalist on Feb 6, 2018.
             Slain by a hound (3 damage)
             ... on level 4 of the Dungeon.
             The game lasted 00:10:46 (3919 turns).

gyp21 the Magician (Mummy Fire Elementalist)        Turns: 3919, Time: 00:10:47

Health: 0/46       AC:  2    Str: 12    XL:     6   Next: 45%
Magic:  0/12       EV: 13    Int: 16    God:
Gold:   119        SH:  0    Dex: 12    Spells: 5/13 levels left

rFire    x . .     SeeInvis .   m - +0 hand axe
rCold    + . .     Gourm    .   (no shield)
rNeg     + + +     Faith    .   a - +0 robe
rPois    ∞         Spirit   .   (no helmet)
rElec    .         Reflect  .   (no cloak)
rCorr    .         Harm     .   (no gloves)
MR       .....                  (no boots)
Stlth    ++........             (no amulet)
HPRegen  0.15/turn              (no ring)
MPRegen  0.13/turn              (no ring)

@: very slightly contaminated
A: no food or potions, fire vulnerability, cold resistance 1, negative energy
resistance 3, torment resistance, unbreathing
a: no special abilities


You were on level 4 of the Dungeon.
You were not hungry.

You visited 1 branch of the dungeon, and saw 4 of its levels.

You collected 119 gold pieces.

Inventory:

Hand Weapons
 m - a +0 hand axe (weapon)
Armour
 a - a +0 robe (worn)
Wands
 h - a wand of polymorph (12)
Scrolls
 c - 2 scrolls of amnesia {unknown}
 d - 2 scrolls of blinking {unknown}
 e - 2 scrolls of fog {unknown}
 f - 2 scrolls of enchant weapon {unknown}
 g - a scroll of random uselessness {unknown}
 i - a scroll of enchant armour {unknown}
 j - a scroll of noise {unknown}
 k - a scroll of magic mapping {unknown}
 l - a scroll of identify {unknown}
Books
 b - a book of Flames

   Spells                             Type                      Level
   a - Flame Tongue                   Conjuration/Fire             1
   b - Throw Flame                    Conjuration/Fire             2
   c - Conjure Flame                  Conjuration/Fire             3
   d - Inner Flame                    Hexes/Fire                   3
   e - Sticky Flame                   Conjuration/Fire             4
   f - Fireball                       Conjuration/Fire             5


   Skills:
 + Level 2.6 Fighting
 + Level 2.9 Dodging
 - Level 1.5 Stealth
 + Level 4.4 Spellcasting
 + Level 2.4 Conjurations
 + Level 3.4 Fire Magic


You had 5 spell levels left.
You knew the following spells:

 Your Spells              Type           Power        Failure   Level  Hunger
a - Flame Tongue          Conj/Fire      ##...        4%          1    N/A
b - Conjure Flame         Conj/Fire      ##......     14%         3    N/A
c - Sticky Flame          Conj/Fire      ##......     43%         4    N/A

Dungeon Overview and Level Annotations

Branches:
Dungeon (4/15)
 Temple: D:4-7

Altars:
Gozag
Hepliaklqana
Ru
Uskayaw
Vehumet


Innate Abilities, Weirdness & Mutations

You do not eat or drink.
Your flesh is vulnerable to fire.
You are immune to poison.
Your flesh is cold resistant. (rC+)
You are immune to negative energy. (rN+++)
You are immune to unholy pain and torment.
You can survive without breathing.


Message History

The flame tongue misses the hound.
The hound bites you but does no damage.
You barely miss the hound.
The hound is moderately wounded.
The hound misses you. The hound closely misses you.
Casting: Flame Tongue
Confirm with . or Enter, or press ? or * to list all spells.
Aiming: Flame Tongue
Press: ? - help, Shift-Dir - straight line, f/p - hound
Aim: a hound (lightly wounded)
You miscast Flame Tongue.
Strange energies run through your body. The hound barely misses you.
The hound closely misses you.
You closely miss the hound.
The hound is lightly wounded.
The hound bites you.
* * * LOW HITPOINT WARNING * * *
The hound misses you.
You hit the hound but do no damage.
The hound is lightly wounded.
The hound bites you.
You die...

#.............##.#
#.............##.#
#.............##.# .#
#.............##.#
....
#########.....##.#
#.#. #........#
#.#.## #####....#
#.#...
#....######.##.###
#@h.......#..#.#<.
#...#...#.#..#..##
#...#.#.#.#.......
+...+.#.#<#.#.#.##
#...###.###.#...#
#...###.....##..#
+###...#...######..#
........'..........>#
....#####.....#######


You could see a hound.

Vanquished Creatures
  Menkaure (D:4)
  An ogre (D:4)
  A hound (D:4)
  A worker ant (D:4)
  3 adders
  3 worms
  2 dart slugs (D:1)
  A leopard gecko (D:2)
  An orc (D:3)
  3 ball pythons
  8 bats
  6 giant cockroaches
  6 goblins
  9 hobgoblins
  8 jackals (D:2)
  6 kobolds
  2 quokkas
  3 frilled lizards
  A jackal skeleton (D:4)
  9 rats
75 creatures vanquished.

Notes
Turn   | Place    | Note
-------+----------+-------------------------------------------
     0 | D:1      | gyp21 the Mummy Fire Elementalist began the quest for the Orb.
     0 | D:1      | Reached XP level 1. HP: 13/13 MP: 4/4
   279 | D:1      | Reached skill level 1 in Conjurations
   279 | D:1      | Reached XP level 2. HP: 20/20 MP: 2/5
   515 | D:1      | Reached skill level 3 in Spellcasting
   945 | D:2      | Reached skill level 1 in Fighting
   945 | D:2      | Reached XP level 3. HP: 26/26 MP: 2/7
   996 | D:2      | Learned a level 3 spell: Conjure Flame
  1221 | D:2      | Found an opulent altar of Gozag.
  1221 | D:2      | Found a radiant altar of Vehumet.
  1514 | D:2      | Found a hazy altar of Hepliaklqana.
  1981 | D:2      | Reached XP level 4. HP: 32/32 MP: 7/9
  2004 | D:2      | Learned a level 4 spell: Sticky Flame
  2234 | D:2      | Found a sacrificial altar of Ru.
  2921 | D:3      | Noticed a hand axe
  2922 | D:3      | Noticed a hand axe
  2924 | D:3      | Found a hide-covered altar of Uskayaw.
  3675 | D:4      | Reached XP level 5. HP: 38/38 MP: 4/10
  3690 | D:4      | Noticed Menkaure
  3696 | D:4      | Killed Menkaure
  3696 | D:4      | Reached skill level 4 in Spellcasting
  3696 | D:4      | Reached XP level 6. HP: 35/44 MP: 1/12
  3919 | D:4      | Slain by a hound

Skill      XL: |  1  2  3  4  5 |
---------------+----------------+-----
Conjurations   | 1 2 |  2.4
Spellcasting   | 3 4 |  4.4
Fighting       | 1 2 |  2.6
Dodging        | 2 |  2.9
Fire Magic     | 3 |  3.4
Stealth        | |  1.5

Action                   |  1- 3 |  4- 6 || total
-------------------------+-------+-------++-------
Melee: Unarmed           |    21 |     3 ||    24
       Hand axe          |       |     3 ||     3
 Cast: Flame Tongue      |    98 |    78 ||   176
       Conjure Flame     |       |     1 ||     1
Armor: Robe              |    21 |    15 ||    36
Dodge: Dodged            |    45 |    52 ||    97
